 Dungeon Crawl Stone Soup version 0.13-a0-1553-g7307ddf (webtiles) character file.

1159 Impy the Shield-Bearer (level 7, -1/53 HPs)
             Began as a Djinni Fighter on June 10, 2013.
             Was an Initiate of Okawaru.
             Slain by an orc priest
             ... wielding a +0,+4 orcish hammer
              (8 damage)
             ... on Level 5 of the Dungeon.
             The game lasted 00:15:09 (4676 turns).

Impy the Shield-Bearer (Djinni Fighter)             Turns: 4676, Time: 00:15:09

HP  -1/53        AC  4     Str 16      XL: 7   Next: 84%
MP   0/0         EV  9     Int 11      God: Okawaru [......]
Gold 238         SH 21     Dex 15      Spells:  0 memorised,  6 levels left

Res.Fire  : + + +   See Invis. : .   e - +1,+2 whip (venom)
Res.Cold  : . . .   Warding    : .   l - +2 robe {rC+ rF+}
Life Prot.: + + +   Conserve   : .   c - +0 shield
Res.Poison: .       Res.Corr.  : .   (no helmet)
Res.Elec. : .       Clarity    : .   (no cloak)
Sust.Abil.: . .     Spirit.Shd : .   (no gloves)
Res.Mut.  : .       Stasis     : .   (boots unavailable)
Res.Rott. : .       Flight     : .   (no amulet)
Saprovore : . . .                    (no ring)
                                     q - +3 ring of dexterity

@: slightly resistant to hostile enchantments, unstealthy
A: no striking features
a: Renounce Religion


You were on level 5 of the Dungeon.
You worshipped Okawaru.
Okawaru was noncommittal.
You were not hungry.

You visited 2 branches of the dungeon, and saw 6 of its levels.

You collected 218 gold pieces.

Inventory:

Hand weapons
 a - a +0,+0 mace
 d - a +0,+0 whip of holy wrath
 e - a +1,+2 whip of venom (weapon)
 n - a +3,+4 orcish short sword of distortion
Armour
 b - a +0 scale mail
 c - a +0 shield (worn)
 l - a +2 robe of resistance (worn)
Magical devices
 k - a wand of digging (11) {unknown}
Scrolls
 g - a scroll of noise
 h - 2 scrolls of remove curse
 i - a scroll of fear
 j - 2 scrolls of enchant weapon II
 p - 3 scrolls of recharging {unknown}
Jewellery
 f - an uncursed amulet of stasis
 q - a +3 ring of dexterity (left hand)
 r - an uncursed amulet of faith {unknown}
Potions
 m - a potion of poison
 o - 2 potions of curing
 s - a potion of magic


   Skills:
 - Level 2.6 Fighting
 + Level 4.6 Maces & Flails
 + Level 5.8 Armour
 * Level 7.0 Shields


You had 6 spell levels left.
You didn't know any spells.

Dungeon Overview and Level Annotations

Branches:
Dungeon (5/27)             Temple (1/1) D:5

Altars:
Ashenzari
Cheibriados
Elyvilon
Fedhas
Kikubaaqudgha
Makhleb
Nemelex Xobeh
Okawaru
Sif Muna
Trog
Vehumet
Xom
Yredelemnul
Zin
the Shining One


Message History

You closely miss the orc priest.
The orc priest hits you with an orcish hammer.
* * * LOW HITPOINT WARNING * * *
You hit the orc priest but do no damage.
The orc priest is poisoned.
You block the orc priest's attack.
You closely miss the orc priest. The orc priest barely misses you.
You hit the orc priest.
The orc priest looks even sicker.
The orc priest is moderately wounded.
The orc priest's eyes start to glow.
You closely miss the orc priest.
The orc priest is moderately wounded.
A phantom comes into view.
You completely miss the orc priest.
The orc priest is moderately wounded.
The orc priest hits you with an orcish hammer!
* * * LOW HITPOINT WARNING * * *
You closely miss the orc priest.
The orc priest is moderately wounded.
The orc priest hits you with an orcish hammer!
You die...

##########.# #.##)......
........##.# #####.#........
#####......# #.....)..######
#......# #.###.#..# #......#
...#..# #######.##.#
#.###..# .....##.##.# #.
#..# .....##.##.######## #
#..# .....##.##......@.#
...#
.....##.#########o#.######.#
..............o.........(..
#######......##.#.#...... #
######.##.#.#.##### #
#o##.#.# # # #.#z.#.# #
.o..##p# ####### # ..o..{..#
#.....#######


You could see a phantom and an orc priest.

Vanquished Creatures
  3 phantoms
  Sigmund (D:3)
  3 hounds
  3 orc priests
  A gnoll shaman (D:4)
  3 orc wizards
  3 worker ants
  Jessica (D:2)
  Terence (D:2)
  5 adders
  3 gnolls (D:4)
  An inept feature mimic (D:4)
  3 worms
  3 giant geckos
  An ooze (D:4)
  14 orcs
  2 ball pythons
  5 bats
  5 giant cockroaches
  10 hobgoblins
  6 jackals
  5 giant newts
  7 goblins
  12 kobolds
  An orc skeleton (D:4)
  2 quokkas
  10 rats
114 creatures vanquished.

Vanquished Creatures (others)
  A kobold (D:3)
1 creature vanquished.

Grand Total: 115 creatures vanquished

Notes
Turn   | Place    | Note
--------------------------------------------------------------
     0 | D:1      | Impy, the Djinni Fighter, began the quest for the Orb.
     0 | D:1      | Reached XP level 1. HP: 16/16 MP: 0/0
   152 | D:1      | Reached XP level 2. EP: 12/22
   420 | D:1      | Found a sparkling altar of Nemelex Xobeh.
   663 | D:2      | Reached XP level 3. EP: 22/28
   676 | D:2      | Noticed Jessica
   704 | D:2      | Killed Jessica
   704 | D:2      | Reached skill level 4 in Shields
   896 | D:2      | Noticed Terence
   911 | D:2      | Killed Terence
   911 | D:2      | Reached XP level 4. EP: 35/35
  1515 | D:3      | Noticed Sigmund
  1545 | D:3      | Gained mutation: You have a pair of small horns on your head. [potion of beneficial mutation]
  1553 | D:3      | Killed Sigmund
  1553 | D:3      | Reached XP level 5. EP: 3/40
  1740 | D:3      | Reached skill level 5 in Shields
  2258 | D:4      | Reached XP level 6. EP: 8/47
  2712 | D:4      | Noticed a phantom
  2728 | D:4      | Killed a phantom
  2728 | D:4      | Reached skill level 5 in Armour
  2887 | D:4      | Reached skill level 6 in Shields
  2984 | D:4      | Reached XP level 7. EP: 53/53
  3231 | D:5      | Entered Level 5 of the Dungeon
  3554 | D:5      | Lost mutation: You have a pair of small horns on your head. [potion of cure mutation]
  3643 | D:5      | Found a glowing silver altar of Zin.
  3953 | D:5      | Found a staircase to the Ecumenical Temple.
  3960 | Temple   | Entered the Ecumenical Temple
  4171 | Temple   | Became a worshipper of Warmaster Okawaru
  4631 | D:5      | Reached skill level 7 in Shields
  4676 | D:5      | Slain by an orc priest

Action                   |  1- 3 |  4- 6 |  7- 9 || total
-------------------------+-------+-------+-------++-------
Melee: Mace              |    53 |       |       ||    53
       Whip              |    74 |   206 |   140 ||   420
  Use: Scroll            |     3 |     7 |     1 ||    11
       Potion            |       |     5 |     4 ||     9
 Stab: Sleeping          |       |       |     2 ||     2
